 Dungeon Crawl Stone Soup version 0.29.1-15-g9cfb28693d (webtiles) character file.

Game seed: 12015396622513926197

6148 cdecastro the Bludgeoner (level 10, 0/93 HPs)
             Began as a Minotaur Fighter on Apr 11, 2023.
             Was a Believer of Ru.
             Killed from afar by Erica (15 damage)
             ... with a lance of force
             ... on level 9 of the Dungeon.
             The game lasted 00:18:52 (9002 turns).

cdecastro the Bludgeoner (Minotaur Fighter)         Turns: 9002, Time: 00:18:53

Health: 0/93       AC: 12    Str: 24    XL:     10   Next: 59%
Magic:  9/9        EV:  9    Int:  5    God:    Ru [**....]
Gold:   422        SH:  0    Dex: 11    Spells: 9/9 levels left

rFire   . . .      SeeInvis .   u - +1 hammer (venom)
rCold   . . .      Faith    .   (no shield)
rNeg    . . .      Spirit   .   h - +0 chain mail
rPois   .          Reflect  .   (helmet restricted)
rElec   .          Harm     .   y - +0 cloak
rCorr   .          Rampage  .   s - +0 pair of gloves
Will    +....                   n - +0 pair of boots
Stlth   ..........              (no amulet)
HPRegen 0.25/turn               N - +4 ring of protection
MPRegen 0.11/turn               i - ring of willpower

@: slowed, very slow
A: horns 2, no conjurations magic, no earth magic, no hexes magic, reduced AC 1,
retaliatory headbutt
a: Renounce Religion


You were on level 9 of the Dungeon.
You worshipped Ru.
Ru was pleased with you.
You visited 2 branches of the dungeon, and saw 10 of its levels.

You collected 422 gold pieces.

Inventory:

Hand Weapons
 u - a +1 hammer of venom (weapon)
 Q - a +2 flail of holy wrath
Missiles
 m - 13 poisoned darts (quivered)
 o - 2 javelins
 A - 7 boomerangs
 R - 3 atropa-tipped darts
Armour
 c - a +0 buckler
 h - a +0 chain mail (worn)
 n - a +0 pair of boots (worn)
 s - a +0 pair of gloves (worn)
 y - a +0 cloak (worn)
Magical Staves
 B - a staff of air
Jewellery
 i - a ring of willpower (right hand)
 j - a ring of positive energy
 q - a +4 ring of protection
 w - a +6 ring of dexterity
 N - a +4 ring of protection (left hand)
Wands
 x - a wand of roots (13)
 D - a wand of flame (14)
 K - a wand of digging (5)
Scrolls
 a - 2 scrolls of identify
 e - 4 scrolls of teleportation
 f - 2 scrolls of immolation {unknown}
 l - a scroll of noise {unknown}
 r - 2 scrolls of vulnerability {unknown}
 v - 2 scrolls of fear {unknown}
 C - a scroll of amnesia {unknown}
 H - a scroll of summoning {unknown}
 J - 2 scrolls of butterflies {unknown}
 L - a scroll of blinking {unknown}
 M - 4 scrolls of magic mapping {unknown}
 O - 2 scrolls of enchant weapon {unknown}
Potions
 b - 2 potions of haste
 d - 2 potions of might
 g - a potion of mutation
 k - a potion of resistance {unknown}
 p - 3 potions of lignification
 t - a potion of cancellation {unknown}
 z - a potion of curing
 E - a potion of magic {unknown}
 F - 3 potions of flight {unknown}
 G - 4 potions of brilliance {unknown}
 I - a potion of attraction {unknown}
 P - a potion of heal wounds {unknown}
 S - 2 potions of degeneration {unknown}


   Skills:
 - Level 10.0 Fighting
 + Level 15.4 Maces & Flails
 - Level 5.0 Armour
 - Level 5.0 Dodging
 - Level 3.6 Shields


You had 9 spell levels left.
You didn't know any spells.
Your spell library contained the following spells:

 Spells                   Type           Power      Damage    Failure   Level
 Call Canine Familiar     Summ           0%         N/A       100%        3
 Gell's Gravitas          Tloc           0%         N/A       100%        3
 Teleport Other           Tloc           0%         N/A       100%        3
 Dispel Undead            Necr           0%         3d6       100%        4
 Summon Lightning Spire   Summ/Air       0%         N/A       100%        4
 Dispersal                Tloc           0%         N/A       100%        6
 Storm Form               Tmut/Air       0%         N/A       100%        7
 Disjunction              Tloc           0%         N/A       100%        8
 Maxwell's Capacitive Co  Air            0%         ∞         100%        8
 Static Discharge         Conj/Air       Unusable   3-3/arc   N/A         2
 Portal Projectile        Hex/Tloc       Unusable   N/A       N/A         3
 Leda's Liquefaction      Hex/Erth       Unusable   N/A       N/A         4
 Sticky Flame             Conj/Fire      Unusable   2d3       N/A         4

Dungeon Overview and Level Annotations

Branches:
Dungeon (9/15)             Temple (1/1) D:6            Lair (0/5) D:8
    Orc: D:9-12

Altars:
Ashenzari
Dithmenos
Fedhas
Gozag
Hepliaklqana
Makhleb
Nemelex Xobeh
Qazlal
Ru
Sif Muna
Trog
Uskayaw
Vehumet
Xom
Yredelemnul
Zin
The Shining One

Shops:
D:2 (   D:6 [

Annotations:
D:3 4 runed translucent doors, Crazy Yiuf; Seidenschwarz's ghost, amateur DECj
D:9 Erica


Innate Abilities, Weirdness & Mutations

You have a pair of horns on your head.
You cannot study or cast Conjurations magic.
You cannot study or cast Earth magic.
You cannot study or cast Hexes magic.
You take slightly more damage. (AC -5)
You reflexively headbutt those who attack you in melee.


Message History

Unknown command.
Unknown command.
As you read the scroll of identify, it crumbles to dust.
z - 3 potions of curing You feel extremely sick.
The hornet stings you!
* * * LOW HITPOINT WARNING * * *
You feel as though you will be slow longer.
The hornet stings you but does no damage.
You feel better. The hornet barely misses you. You furiously retaliate!
You headbutt the hornet! The hornet stings you.
* * * LOW HITPOINT WARNING * * *
You feel as though you will be slow longer.
Unknown command.
You thump the hornet!
The hornet is poisoned.
Your headbutt misses the hornet.
The hornet is almost dead.
You kill the hornet!
Unknown command.
Something hits you.
* * * LOW HITPOINT WARNING * * *
Something burns you.
* * * LOW HITPOINT WARNING * * *
You hear some strange, mumbled words.
A bolt of poison appears from out of thin air!
The bolt of poison hits you!
You are poisoned.
* * * LOW HITPOINT WARNING * * *
* * * LOW HITPOINT WARNING * * *
You feel very sick.
Okay, then.
Unknown command.
You feel better. Something hits you but does no damage. Something hits you!
* * * LOW HITPOINT WARNING * * *
Something burns you.
* * * LOW HITPOINT WARNING * * *
Unknown command.
You hear some strange, mumbled words.
A lance of force appears from out of thin air!
The lance of force hits you!
You die...

##### #<<<# ######
###)###..#.#
#..#.##..#.##
##....#.#...# ###
#..)##@.##.# #.##
#........{..####..#
......#####.##†.##.##
### ......#
###.......# #.#
......#
.#.......###.#
.......#
............##.##
.....
.......##.....#.##
.P....####.....##.
.....# ##.......


There were no monsters in sight!

Vanquished Creatures
  Pikel (D:7)
  2 trolls
  Prince Ribbit (D:5)
  2 hornets
  6 yaks (D:8)
  A wyvern (D:8)
  A basilisk (D:8)
  A steam dragon (D:8)
  7 water moccasins
  2 black bears
  An orc warrior (D:8)
  4 centaurs
  A lemure (D:7)
  A phantom (D:6)
  2 bullfrogs
  A necrophage (D:6)
  4 scorpions
  11 wights
  8 killer bees
  A howler monkey (D:6)
  A jelly (D:5)
  4 orc priests
  A gnoll bouda (D:6)
  A hound (D:6)
  4 iguanas
  6 orc wizards
  9 adders
  4 shadow imps
  A white imp (D:6)
  An ufetubus (D:6)
  A dart slug (D:5)
  27 orcs
  6 endoplasms
  4 giant cockroaches
  7 goblins
  6 hobgoblins
  12 jackals
  9 kobolds
  3 quokkas
  6 ball pythons
  3 bats
  3 frilled lizards
  8 rats
185 creatures vanquished.

Vanquished Creatures (others)
  A scorpion (D:6)
  A hound (D:6)
  2 bushes (D:8)
  21 fungi
  12 plants (D:8)
37 creatures vanquished.

Grand Total: 222 creatures vanquished

Notes
Turn   | Place    | Note
-------+----------+-------------------------------------------
     0 | D:1      | cdecastro the Minotaur Fighter began the quest for the Orb.
     0 | D:1      | Reached XP level 1. HP: 19/19 MP: 0/0
     2 | D:1      | Noticed a demonspawn
     2 | D:1      | Noticed a meteoran
     4 | D:1      | Noticed a palentonga
     6 | D:1      | Noticed a felid
     6 | D:1      | Noticed a naga
     8 | D:1      | Noticed a tengu
    10 | D:1      | Noticed a gargoyle
    10 | D:1      | Noticed a human
    12 | D:1      | Noticed an octopode
    14 | D:1      | Noticed a vine stalker
    14 | D:1      | Noticed a minotaur
    16 | D:1      | Noticed a demigod
    16 | D:1      | Noticed a spriggan
    18 | D:1      | Noticed a ghoul
    18 | D:1      | Noticed a merfolk
    20 | D:1      | Noticed a vampire
    20 | D:1      | Noticed an ogre
    22 | D:1      | Noticed a troll
    22 | D:1      | Noticed an elf
    24 | D:1      | Noticed a formicid
    26 | D:1      | Noticed a demigod
    64 | D:1      | Reached skill level 3 in Maces & Flails
   164 | D:1      | Reached XP level 2. HP: 26/26 MP: 1/1
   609 | D:1      | Reached skill level 4 in Maces & Flails
   849 | D:2      | Found a shimmering altar of Xom.
  1154 | D:2      | Reached XP level 3. HP: 28/31 MP: 2/2
  1557 | D:2      | Found a faded altar of an unknown god.
  1582 | D:2      | Reached skill level 5 in Maces & Flails
  1868 | D:2      | Found Idihiom's Weapon Boutique.
  2107 | D:3      | Noticed Seidenschwarz's ghost (amateur DECj)
  2120 | D:3      | Reached XP level 4. HP: 39/39 MP: 3/3
  2173 | D:3      | Found a sacrificial altar of Ru.
  2276 | D:3      | Found a runed translucent gate.
  2276 | D:3      | Found a runed translucent gate.
  2276 | D:3      | Found a runed translucent gate.
  2385 | D:3      | Found a runed translucent door.
  2386 | D:3      | Noticed Crazy Yiuf
  2755 | D:3      | Reached skill level 6 in Maces & Flails
  3132 | D:3      | Became a worshipper of Ru the Awakened
  3286 | D:4      | Reached XP level 5. HP: 45/45 MP: 4/4
  3348 | D:4      | Found a glowing silver altar of Zin.
  3349 | D:4      | Found a burning altar of Makhleb.
  3350 | D:4      | Noticed an angel
  3352 | D:4      | Noticed a green death
  3661 | D:5      | Entered Level 5 of the Dungeon
  3667 | D:5      | Noticed a black bear
  3814 | D:5      | Noticed a centaur
  3824 | D:5      | Killed a centaur
  3825 | D:5      | Reached skill level 7 in Maces & Flails
  3968 | D:5      | Reached XP level 6. HP: 51/51 MP: 5/5
  4018 | D:5      | Reached skill level 8 in Maces & Flails
  4261 | D:5      | Found a sparkling altar of Nemelex Xobeh.
  4423 | D:6      | Noticed Prince Ribbit
  4707 | D:6      | Found Qebba's Armour Shoppe.
  4712 | D:5      | Reached skill level 9 in Maces & Flails
  4745 | D:6      | Reached XP level 7. HP: 57/57 MP: 6/6
  4761 | D:6      | Gained mutation: You cannot study or cast Earth magic. [Ru
                  | sacrifice]
  4761 | D:6      | Gained mutation: You cannot study or cast Hexes magic. [Ru
                  | sacrifice]
  4761 | D:6      | Gained mutation: You cannot study or cast Conjurations
                  | magic. [Ru sacrifice]
  4761 | D:6      | Reached * piety under Ru
  4800 | D:6      | Reached skill level 10 in Maces & Flails
  4810 | D:6      | Reached skill level 5 in Fighting
  4836 | D:6      | Reached XP level 8. HP: 31/71 MP: 7/7
  4860 | D:5      | Killed Prince Ribbit
  5270 | D:6      | Found a blossoming altar of Fedhas.
  5270 | D:6      | Found a shimmering blue altar of Sif Muna.
  5607 | D:6      | Found a staircase to the Ecumenical Temple.
  5641 | D:6      | Found a shimmering altar of Xom.
  5672 | Temple   | Entered the Ecumenical Temple
  6032 | D:6      | Reached skill level 10 in Fighting
  6494 | D:7      | Noticed Pikel
  6519 | D:7      | Killed Pikel
  6520 | D:7      | Reached skill level 11 in Maces & Flails
  6520 | D:7      | Reached XP level 9. HP: 71/85 MP: 8/8
  6925 | D:7      | Reached skill level 12 in Maces & Flails
  6965 | D:7      | Noticed a moth of wrath
  6968 | D:7      | Found a bloodstained altar of Trog.
  7431 | D:8      | Reached skill level 5 in Armour
  7488 | D:8      | Noticed a troll
  7497 | D:8      | Killed a troll
  7533 | D:8      | Reached skill level 13 in Maces & Flails
  7704 | D:8      | Found a staircase to the Lair.
  7723 | D:8      | Reached skill level 14 in Maces & Flails
  7723 | D:8      | Reached skill level 1 in Dodging
  7738 | D:8      | Reached XP level 10. HP: 90/93 MP: 9/9
  7959 | D:8      | Reached skill level 5 in Dodging
  8090 | D:8      | Gained mutation: You take slightly more damage. (AC -5) [Ru
                  | sacrifice]
  8090 | D:8      | Reached ** piety under Ru
  8888 | D:9      | Reached skill level 15 in Maces & Flails
  8974 | D:9      | Noticed Erica
  8992 | D:9      | Paralysed by a hornet for 3 turns
  9002 | D:9      | Killed from afar by Erica

Illustrated notes

Levels and vault maps discovered:
D:1:      kb_arrival_jail, layout_basic
D:2:      layout_basic, serial_shops, shop, basic_altar,
          hellmonk_ecumenical_altar_dog_temple
D:3:      minmay_chambers_of_threes, layout_basic, lemuel_doored_altar,
          gammafunk_ghost_icy, uniq_crazy_yiuf_cottage
D:4:      layout_rooms, grunt_temple_overflow_order_and_chaos_2
D:5:      layout_basic, mainiacjoe_overflow_boulevard,
          minmay_misc_feat_more_columns
D:6:      layout_rooms, chequers_temple_overflow_statue_of_worship,
          xom_confusion_cloud, minmay_temple_entry_junction, serial_shops, shop,
          kennysheep_windowed_goal, uniq_prince_ribbit1
D:7:      layout_basic, tgw_trog, uniq_pikel
D:8:      layout_gridville, minmay_lair_entry_grove
D:9:      layout_big_octagon, mainiacjoe_overflow_cross_hatched,
          serial_gnoll_camp, gnoll_camp_mini_house, gnoll_camp_mini_hut,
          gnoll_camp_huts_moat, gnoll_camp_mini_loothouse, gnoll_camp_mini_shop,
          gnoll_camp_mini_hut, uniq_erica
Temple:   hellmonk_temple_forest_ring

Skill      XL: |  1  2  3  4  5  6  7  8  9 10 |
---------------+-------------------------------+-----
Maces & Flails | 3 4 5 6 7 9 10 11 14 15 | 15.4
Fighting       | 6 10 | 10.0
Armour         | 5 |  5.0
Dodging        | 2 5 |  5.0
Shields        | |  3.6

Action                   |  1- 3 |  4- 6 |  7- 9 | 10-12 || total
-------------------------+-------+-------+-------+-------++-------
Melee: Flail             |    99 |    36 |       |       ||   135
       Headbutt          |    12 |    18 |    53 |    33 ||   116
       Mace              |       |    71 |   222 |   119 ||   412
       Punch             |       |       |     2 |     1 ||     3
Invok: Sacrifice Arcana  |       |       |     1 |       ||     1
       Sacrifice Health  |       |       |       |     1 ||     1
Evoke: Wand              |       |       |     1 |       ||     1
  Use: Scroll            |       |       |     5 |     1 ||     6
       Potion            |       |       |       |     2 ||     2
 Stab: Distracted        |       |       |     1 |       ||     1
       Invisible         |       |       |       |     1 ||     1
Armor: Scale mail        |     7 |       |       |       ||     7
       Chain mail        |    74 |    76 |   126 |    56 ||   332
Dodge: Dodged            |    43 |    38 |    75 |    40 ||   196
